 Dungeon Crawl Stone Soup version 0.29-a0-360-g8ed1089bbe (webtiles) character file.

Game seed: 14038914298109896245

16 Zatoro the Skirmisher (level 2, 0/24 HPs)
             Began as a Demonspawn Chaos Knight on Apr 29, 2022.
             Was a Plaything of Xom.
             Succumbed to an adder's poison
             ... on level 2 of the Dungeon.
             The game lasted 00:03:08 (1163 turns).

Zatoro the Skirmisher (Demonspawn Chaos Knight)     Turns: 1163, Time: 00:03:09

Health: 0/24       AC:  5    Str: 12    XL:     2   Next: 41%
Magic:  2/2        EV: 11    Int: 13    God:    Xom [...*..]
Gold:   18         SH:  0    Dex: 12    Spells: 1/1 levels left

rFire   . . .      SeeInvis .   a - +0 mace (chaos)
rCold   . . .      Faith    .   (no shield)
rNeg    . . .      Spirit   .   b - +2 leather armour
rPois   .          Reflect  .   (no helmet)
rElec   .          Harm     .   (no cloak)
rCorr   .          Rampage  .   (no gloves)
Will    .....                   (no boots)
Stlth   +.........              i - amulet of regeneration
HPRegen 0.08/turn               (no ring)
MPRegen 0.08/turn               (no ring)

@: lethally poisoned (0 -> -4)
A: weakness stinger 1
a: Renounce Religion


You were on level 2 of the Dungeon.
You worshipped Xom.
You were a favourite toy of Xom.
You visited 1 branch of the dungeon, and saw 2 of its levels.

You collected 18 gold pieces.

Inventory:

Hand Weapons
 a - a +0 mace of chaos (weapon)
Armour
 b - a +2 leather armour (worn)
 l - a +2 hat
Jewellery
 i - an amulet of regeneration (around neck)
Scrolls
 e - 2 scrolls of teleportation {unknown}
 f - a scroll of silence {unknown}
 g - a scroll of torment {unknown}
 h - 2 scrolls of noise
 j - a scroll of vulnerability {unknown}
 k - a scroll of amnesia {unknown}
Potions
 d - a potion of cancellation {unknown}
Miscellaneous
 c - a piece from Xom's chessboard (14/15) (quivered)


   Skills:
 * Level 3.2 Fighting
 * Level 3.0 Maces & Flails
 * Level 1.9 Armour
 * Level 0.9 Dodging
 * Level 0.4 Stealth
 * Level 0.1 Evocations


You had one spell level left.
You didn't know any spells.
Your spell library was empty.

Dungeon Overview and Level Annotations

Branches:
Dungeon (2/15)

Altars:

Shops:
D:1 ?


Innate Abilities, Weirdness & Mutations

You have a small tail.


Message History

You feel very sick. The adder misses you.
You miss the adder.
Your tail-slap misses the adder.
The adder is moderately wounded.
You feel very sick. The adder bites you. The adder barely misses you.
You are too injured to fight recklessly!
You are too injured to fight recklessly!
You are too injured to fight recklessly!
You start putting on your amulet.
You continue putting on your amulet of regeneration.
You feel sick. The adder bites you but does no damage.
Keep equipping yourself? [Y]es or [N]o only, please.
Keep equipping yourself?
Uppercase [Y]es or [N]o only, please.
Keep equipping yourself?
You continue putting on your amulet of regeneration.
You feel sick. The adder closely misses you. The adder bites you.
* * * LOW HITPOINT WARNING * * *
You are lethally poisoned!
The adder poisons you!
You continue putting on your amulet of regeneration.
* * * LOW HITPOINT WARNING * * *
You feel sick. The adder bites you.
* * * LOW HITPOINT WARNING * * *
You continue putting on your amulet of regeneration.
* * * LOW HITPOINT WARNING * * *
You feel sick. The adder bites you but does no damage.
You continue putting on your amulet of regeneration.
* * * LOW HITPOINT WARNING * * *
You feel sick. The adder closely misses you.
The adder bites you but does no damage.
You finish putting on your amulet of regeneration.
The amulet cannot attune itself to your injured body.
i - an amulet of regeneration (around neck) Unknown command.
You make a move on Xom's chessboard...
The adder twists and deforms.
You die...
Xom bursts into laughter!

## .. #. #.
##S##
#.####..@#######
#......#........
#####...######.
#######.##
.......<#
#########


You could see an adder (misshapen).

Vanquished Creatures
  2 endoplasms (D:1)
  A goblin (D:1)
  2 hobgoblins (D:1)
  3 quokkas
  2 ball pythons (D:1)
  3 frilled lizards (D:1)
  2 kobolds (D:1)
15 creatures vanquished.

Notes
Turn   | Place    | Note
-------+----------+-------------------------------------------
     0 | D:1      | Zatoro the Demonspawn Chaos Knight began the quest for the
                  | Orb.
     0 | D:1      | Reached XP level 1. HP: 18/18 MP: 1/1
   203 | D:1      | XOM: silly message
   207 | D:1      | Found a faded altar of an unknown god.
   373 | D:1      | XOM: silly message
   425 | D:1      | Found Omupag's Magic Scroll Boutique.
   436 | D:1      | Discovered your monstrous ancestry.
   436 | D:1      | Gained mutation: You have a small tail. [demonic ancestry]
   436 | D:1      | Reached XP level 2. HP: 20/24 MP: 2/2
   533 | D:1      | XOM: silly message
   597 | D:1      | XOM: silly message
  1162 | D:2      | HP: 1/24 [poisoned by an adder]
  1163 | D:2      | Succumbed to an adder's poison

Illustrated notes

Levels and vault maps discovered:
D:1:      noname_arrival_rooms_in_the_neighbourhood, layout_basic,
          basic_ecumenical_altar, serial_shops, shop_scrolls
D:2:      layout_loops_ring, uniq_terence, uniq_natasha

Skill      XL: |  1  2 |
---------------+-------+-----
Maces & Flails | 3 |  3.0
Fighting       | |  3.2
Armour         | |  1.9
Dodging        | |  0.9
Stealth        | |  0.4
Evocations     | |  0.1

Action                   || total
-------------------------++-------
Melee: Mace              ||    43
       Punch             ||     1
       Tailslap          ||     5
Evoke: Piece from Xom's  ||     1
  Use: Scroll            ||     1
 Stab: Sleeping          ||     2
Armor: Leather armour    ||    19
Dodge: Dodged            ||    19

Table legend: (Time is in decaauts)
 A = Elapsed time spent in this place.
 B = Non-inter-level travel time spent in this place.
 C = Inter-level travel time spent in this place.
 D = Time resting spent in this place.
 E = Time spent auto-exploring this place.
 F = Levels seen in this place.
 G = Mean time per level.
                   A        B        C        D        E       F      G
               +--------+--------+--------+--------+--------+-----+--------+
         Total |   1173 |   1115 |     58 |      0 |    982 |   2 |  586.5 |
       Dungeon |   1173 |   1115 |     58 |      0 |    982 |   2 |  586.5 |
               +--------+--------+--------+--------+--------+-----+--------+

Top non-repeatable levels by time:
     D:1: 1143 daAuts
     D:2: 30 daAuts
